 Dungeon Crawl Stone Soup version 0.26-a0-259-g1effd001a9 (webtiles) character file.

Game seed: 5556622049045785956

6 Esekla the Skirmisher (level 2, 0/24 HPs)
             Began as a Formicid Abyssal Knight on July 13, 2020.
             Was an Initiate of Lugonu.
             Slain by a goblin
             ... wielding a +2 dagger of freezing
              (1 damage)
             ... on level 1 of the Dungeon.
             The game lasted 00:03:14 (318 turns).

Esekla the Skirmisher (Formicid Abyssal Knight)      Turns: 318, Time: 00:03:15

Health: 0/24       AC:  0    Str: 16    XL:     2   Next: 0%
Magic:  3/3        EV: 11    Int: 11    God:    Lugonu [......]
Gold:   167        SH:  0    Dex: 10    Spells: 1/1 levels left

rFire    . . .     SeeInvis +   a - +1 falchion
rCold    . . .     Faith    .   (no shield)
rNeg     . . .     Spirit   .   b - +1 leather armour
rPois    .         Reflect  .   (helmet unavailable)
rElec    .         Harm     .   (no cloak)
rCorr    .                      (no gloves)
MR       +....                  (no boots)
Stlth    +.........             (no amulet)
HPRegen  0.08/turn              g - ring of protection from magic
MPRegen  0.08/turn              i - -4 ring of protection (curse)

@: no status effects
A: permanent stasis, dig shafts and tunnels, four strong arms, antennae 3
a: Dig, Shaft Self, Renounce Religion


You were on level 1 of the Dungeon.
You worshipped Lugonu.
Lugonu was noncommittal.
You were not hungry.

You visited 1 branch of the dungeon, and saw 1 of its levels.
You visited the Abyss 1 time.

You collected 167 gold pieces.

Inventory:

Hand Weapons
 a - a +1 falchion (weapon)
Armour
 b - a +1 leather armour (worn)
Jewellery
 g - a ring of protection from magic (left hand)
 i - a cursed -4 ring of protection (right hand)
Wands
 f - a wand of acid (7)
Scrolls
 d - a scroll of enchant armour
Potions
 e - a potion of curing {unknown}
Comestibles
 c - 2 rations


   Skills:
 + Level 3.4 Fighting
 + Level 2.2 Long Blades
 + Level 2.4 Armour
 + Level 0.8 Dodging
 + Level 2.1 Invocations


You had one spell level left.
You didn't know any spells.
Your spell library was empty.

Dungeon Overview and Level Annotations

Branches:
Dungeon (1/15)

Altars:


Innate Abilities, Weirdness & Mutations

You cannot be hasted, slowed, berserked, paralysed or teleported.
You can dig through walls and to a lower floor.
Your four strong arms can wield two-handed weapons with a shield.
You have a pair of large antennae on your head. (SInv)


Message History

The goblin hits you with a +2 dagger of freezing.
The goblin freezes you.
The goblin hits you with a +2 dagger of freezing.
The goblin freezes you.
* * * LOW HITPOINT WARNING * * *
You barely miss the goblin. The goblin completely misses you.
You riposte.
You hit the goblin.
The goblin is heavily wounded.
You closely miss the goblin.
The goblin is heavily wounded.
The goblin hits you with a +2 dagger of freezing.
* * * LOW HITPOINT WARNING * * *
The goblin freezes you.
* * * LOW HITPOINT WARNING * * *
You closely miss the goblin.
The goblin is heavily wounded.
The goblin hits you with a +2 dagger of freezing.
* * * LOW HITPOINT WARNING * * *
The goblin freezes you.
You die...

,,**** *,.....#.......#
*,,,,***,#.....?......*
****,,,,,............,*
*****,...>.......#**
*,,,..w......# **
**,*,,,......#* ,*
*,,**,,,#...#* ,*
**,*******#g## ,** *,,*
#@.# ,,* *,** ##(# ***
*** #.## *
######.######## *
##...#.....#...## *
#### #..##..##....⌠..#
* ##..##
#..###..###.....# *
#....###.##
##'####...## *
##.#..#..# ##'#######


You could see a dart slug and a goblin.

Vanquished Creatures
  A bat (D:1)
  A hobgoblin (D:1)
  A frilled lizard (D:1)
  2 goblins (D:1)
  A kobold (D:1)
6 creatures vanquished.

Notes
Turn   | Place    | Note
-------+----------+-------------------------------------------
     0 | Abyss:1  | Esekla the Formicid Abyssal Knight began the quest for the
                  | Orb.
     0 | Abyss:1  | Reached XP level 1. HP: 18/18 MP: 2/2
    90 | Abyss:2  | Noticed a large abomination
   122 | Abyss:2  | Found a corrupted altar of Lugonu.
   123 | Abyss:2  | Noticed a small abomination
   133 | D:1      | Escaped the Abyss
   309 | D:1      | Reached XP level 2. HP: 18/24 MP: 3/3
   318 | D:1      | HP: 1/24 [goblin/+2 dagger of freezing (3)]
   318 | D:1      | Slain by a goblin

Illustrated notes

Levels and vault maps discovered:
D:1:      dpeg_cavernosity, layout_rooms

Action                   || total
-------------------------++-------
Melee: Falchion          ||    18
Invok: Depart the Abyss  ||     1
 Abil: Dig               ||     2
  Use: Scroll            ||     3
Dodge: Dodged            ||    11
       Rpst.: Falchion   ||     3

Table legend:
 A = Non-vault XP
 B = Vault XP
 C = Vault XP percentage of total XP
 D = Non-vault monster count
 E = Vault monster count
 F = Vault count percentage of total count
                 A         B        C        D         E       F
            +---------+---------+-------+---------+---------+-------
      Total |       9 |       0 |   0.0 |       6 |       0 |   0.0
            +---------+---------+-------+---------+---------+-------
        D:1 |       9 |       0 |   0.0 |       6 |       0 |   0.0
            +---------+---------+-------+---------+---------+-------
